 Dungeon Sprint DCSS version 0.31-a0-986-g5e6e4ef867 (webtiles) character file.

Game seed: 9392127592417393837

13939 sircluck the Brawler (level 11, -11/144 HPs)
             Began as a Troll Berserker on Nov 17, 2023.
             Was the Champion of Trog.
             Mangled by a 13-headed hydra (20 damage)
             ... in the Dungeon (Sprint I: "Red Sonja").
             The game lasted 00:05:32 (1484 turns).

sircluck the Brawler (Troll Berserker)              Turns: 1484, Time: 00:05:33

Health: -11/144    AC:  3    Str: 40    XL:     11   Next: 82%
Magic:  10/10      EV: 14    Int:  3    God:    Trog [******]
Gold:   562        SH:  0    Dex:  9    Spells: 10/10 levels left

rFire   . .          .
                       - Unarmed
rCold   x . .        (no shield)
rNeg    . . .        a - +0 animal skin
rPois   .            (helmet restricted)
rElec   .            (no cloak)
rCorr   .            (gloves unavailable)
SInv    .            (boots unavailable)
Will    .....        m - amulet "Leqotwol" {Acrobat Harm +Inv Regen+ Str+3}
Stlth   +            l - +6 ring of strength
HPRegen 2.04/turn    (no ring)
MPRegen 0.12/turn

%: no teleportation, harm (+30% outgoing, +20% incoming), acrobat
@: on berserk cooldown, fragile, slowed, very slow
A: large, unfitting armour, claws 3, regeneration 1, shaggy fur 1, tough skin 1,
deformed body, robust 1, cold vulnerability 1
a: Renounce Religion, Evoke Invisibility, Berserk, Trog's Hand, Brothers in Arms


You were in the Dungeon.
You worshipped Trog.
Trog was exalted by your worship.
You visited 1 branch You collected 1757 gold pieces.
You spent 1195 gold pieces at shops.

Inventory:

Armour
 a - a +0 animal skin (worn)
Jewellery
 l - a +6 ring of strength (left claw)
 m - the amulet "Leqotwol" (around neck) {Acrobat Harm +Inv Regen+ Str+3}
   (You bought it in a shop in the Dungeon)

   [amulet of the acrobat]

   Acrobat:   It increases your evasion while moving and waiting.
   Str+3:     It affects your strength (+3).
   +Inv:      It lets you turn invisible.
   Regen+:    It increases your rate of health regeneration.
   Harm:      It increases damage dealt and taken.
Wands
 h - a wand of charming (6)
Scrolls
 j - a scroll of identify
Potions
 b - 2 potions of curing
 c - a potion of heal wounds
 d - 2 potions of haste
 e - 2 potions of magic
 f - a potion of berserk rage
 i - a potion of attraction
 k - a potion of mutation {unknown}
Miscellaneous
 g - a lightning rod (4/4)


   Skills:
 + Level 14.4 Fighting
 + Level 8.0 Armour
 + Level 14.3 Dodging
 + Level 16.8 Unarmed Combat


You had 10 spell levels left.
You didn't know any spells.
Your spell library was empty.

Dungeon Overview and Level Annotations

Branches:
Dungeon (1/1)

Altars:
Cheibriados
Dithmenos
Elyvilon
Fedhas
Gozag
Hepliaklqana
Kikubaaqudgha
Makhleb
Nemelex Xobeh
Okawaru
Qazlal
Ru
Sif Muna
Trog
Uskayaw
Vehumet
Wu Jian
Xom
Yredelemnul
Zin
The Shining One
Jiyva
Lugonu

Shops:
D *:[(*(:[**(?:*=(*=*[(


Innate Abilities, Weirdness & Mutations

You are too large for most types of armour.
You have claws for hands.
Your natural rate of healing is unusually fast.
You are covered in fur. (AC +1)
You have tough skin. (AC +1)
Armour fits poorly on your strangely shaped body.
You are robust. (+10% HP)
You are vulnerable to cold. (rC-)


Message History

The glass eye gazes at you.
You feel your fragility will last longer.
You claw one of the 12-headed hydra's heads off!
The 11-headed hydra grows two more!
You claw the 13-headed hydra!
The 13-headed hydra is lightly wounded.
The 13-headed hydra bites you! The 13-headed hydra bites you.
The 13-headed hydra bites you! The 13-headed hydra barely misses you.
The 13-headed hydra bites you!
* * * LOW HITPOINT WARNING * * *
The 13-headed hydra bites you.
* * * LOW HITPOINT WARNING * * *
The 13-headed hydra barely misses you. The 13-headed hydra bites you.
* * * LOW HITPOINT WARNING * * *
The 13-headed hydra bites you!
* * * LOW HITPOINT WARNING * * *
The 13-headed hydra bites you but does no damage.
The 13-headed hydra barely misses you. The 13-headed hydra bites you!
* * * LOW HITPOINT WARNING * * *
The 13-headed hydra bites you.
* * * LOW HITPOINT WARNING * * *
Unknown command.
The glass eye gazes at you.
You feel your fragility will last longer.
You feel a strong urge to attack something.
You feel your anger nearly subside.
You are no longer berserk.
You are exhausted.
You feel yourself slow down.
There is an open door, spattered with blood here.
Things that are here:
a +3 heavy great sword; a hog corpse
Aiming: Charm
Press: ? - help, Q - select action, (/) - cycle Shift-Dir - straight line, f - 13-headed hydra
Aim: a 13-headed hydra (lightly wounded, chance to affect: 17%)
Okay, then.
You feel much better. The 13-headed hydra bites you!
* * * LOW HITPOINT WARNING * * *
The 13-headed hydra bites you!
* * * LOW HITPOINT WARNING * * *
The 13-headed hydra barely misses you. The 13-headed hydra bites you!
You die...

###########################
_#..')..#%.#§.§§@DG§§..'.$#
.'..#)..##'#§####§§§..##$.+
_####...'..#.# ##§§§## ##
##)§#####..'.# ###+#
~§§)#..##+#### §§§§§..#
§~§§#..# '#####'###
.§)###.'.#


You could see a 13-headed hydra and a glass eye.

Vanquished Creatures
  2 centaur warriors (D)
  3 demonic crawlers (D)
  Sonja (D)
  A deep troll (D)
  A lindwurm (D)
  A shining eye (D)
  An oklob plant (D)
  2 unseen horrors (D)
  2 kobold demonologists (D)
  A hornet (D)
  3 glass eyes (D)
  Sigmund (D)
  A slime creature (D)
  13 hogs (D)
  A yak (D)
  2 redbacks (D)
  An ogre (D)
  7 necrophages (D)
  8 jellies (D)
  Ijyb (D)
53 creatures vanquished.

Vanquished Creatures (collateral kills)
  A demonic crawler (D)
  7 shining eyes (D)
  3 glass eyes (D)
11 creatures vanquished.

Vanquished Creatures (others)
  2 ballistomycete spores (D)
2 creatures vanquished.

Grand Total: 66 creatures vanquished

Notes
Turn   | Place    | Note
-------+----------+-------------------------------------------
     0 | D        | sircluck the Troll Berserker began the quest for the Orb.
     0 | D        | Reached XP level 1. HP: 22/22 MP: 0/0
     1 | D        | Noticed Ijyb
    30 | D        | Killed Ijyb
    31 | D        | Reached skill level 4 in Unarmed Combat
    31 | D        | Reached XP level 2. HP: 31/31 MP: 1/1
    73 | D        | Noticed an ogre
    78 | D        | Killed an ogre
    79 | D        | Reached skill level 5 in Fighting
    79 | D        | Reached skill level 5 in Dodging
    79 | D        | Reached skill level 6 in Unarmed Combat
    79 | D        | Reached XP level 3. HP: 42/42 MP: 2/2
    79 | D        | Reached XP level 4. HP: 50/50 MP: 3/3
    90 | D        | Noticed Sigmund
    97 | D        | Killed Sigmund
    97 | D        | Reached ** piety under Trog
    98 | D        | Reached skill level 7 in Unarmed Combat
    98 | D        | Reached XP level 5. HP: 57/61 MP: 4/4
   115 | D        | Found an ornate altar of the Wu Jian Council.
   115 | D        | Found a shimmering blue altar of Sif Muna.
   116 | D        | Found a burning altar of Makhleb.
   116 | D        | Found a viscous altar of Jiyva.
   116 | D        | Found a shimmering altar of Xom.
   116 | D        | Found a corrupted altar of Lugonu.
   116 | D        | Noticed a slime creature
   126 | D        | Killed a slime creature
   127 | D        | Reached skill level 8 in Unarmed Combat
   127 | D        | Reached XP level 6. HP: 30/71 MP: 5/5
   129 | D        | Found a radiant altar of Vehumet.
   164 | D        | Noticed a kobold demonologist
   164 | D        | Noticed a glass eye
   164 | D        | Noticed a kobold demonologist
   169 | D        | Killed a glass eye
   170 | D        | Reached skill level 9 in Unarmed Combat
   170 | D        | Reached XP level 7. HP: 80/80 MP: 6/6
   172 | D        | Killed a kobold demonologist
   172 | D        | Reached *** piety under Trog
   173 | D        | Reached skill level 10 in Unarmed Combat
   177 | D        | Killed a kobold demonologist
   178 | D        | Reached XP level 8. HP: 92/92 MP: 7/7
   252 | D        | Found Acoa's Weapon Emporium.
   252 | D        | Found an ancient bone altar of Kikubaaqudgha.
   252 | D        | Found a hazy altar of Hepliaklqana.
   252 | D        | Found a stormy altar of Qazlal.
   252 | D        | Found a hide-covered altar of Uskayaw.
   252 | D        | Found a blossoming altar of Fedhas.
   252 | D        | Found a bloodstained altar of Trog.
   252 | D        | Found an iron altar of Okawaru.
   252 | D        | Found a basalt altar of Yredelemnul.
   252 | D        | Found a glowing golden altar of the Shining One.
   252 | D        | Found a snail-covered altar of Cheibriados.
   252 | D        | Found a sacrificial altar of Ru.
   252 | D        | Found a glowing silver altar of Zin.
   252 | D        | Found a shadowy altar of Dithmenos.
   252 | D        | Found a white marble altar of Elyvilon.
   258 | D        | Reached **** piety under Trog
   259 | D        | Reached skill level 11 in Unarmed Combat
   259 | D        | Found an opulent altar of Gozag.
   260 | D        | Found a sparkling altar of Nemelex Xobeh.
   294 | D        | Noticed a centaur warrior
   294 | D        | Noticed a centaur warrior
   304 | D        | Killed a centaur warrior
   305 | D        | Reached skill level 10 in Fighting
   305 | D        | Reached skill level 10 in Dodging
   310 | D        | Killed a centaur warrior
   311 | D        | Reached skill level 12 in Unarmed Combat
   311 | D        | Reached XP level 9. HP: 53/102 MP: 8/8
   331 | D        | Noticed an oklob plant
   335 | D        | Killed an oklob plant
   336 | D        | Reached skill level 13 in Unarmed Combat
   346 | D        | Reached ***** piety under Trog
   351 | D        | Received a gift from Trog
   351 | D        | HP: 5/105 [poisoned by a redback]
   493 | D        | Noticed Sonja
   497 | D        | Killed Sonja
   498 | D        | Reached XP level 10. HP: 103/115 MP: 9/9
   557 | D        | Noticed a deep troll
   563 | D        | Killed a deep troll
   564 | D        | Reached skill level 14 in Unarmed Combat
   574 | D        | Found Beqat's Armour Emporium.
   613 | D        | Found Renlem's Assorted Antiques.
   623 | D        | Noticed a shining eye
   623 | D        | Noticed a shining eye
   623 | D        | Noticed a shining eye
   626 | D        | Noticed a shining eye
   628 | D        | Reached skill level 1 in Armour
   628 | D        | Killed a shining eye
   632 | D        | Killed a shining eye
   632 | D        | Noticed a shining eye
   633 | D        | Noticed a shining eye
   635 | D        | Killed a shining eye
   636 | D        | Killed a shining eye
   637 | D        | Killed a shining eye
   638 | D        | Reached skill level 15 in Unarmed Combat
   638 | D        | Killed a shining eye
   649 | D        | Noticed a shining eye
   649 | D        | Noticed a shining eye
   649 | D        | Gained mutation: You are robust. (+10% HP) [a shining eye]
   654 | D        | Killed a shining eye
   655 | D        | Reached skill level 5 in Armour
   655 | D        | Reached XP level 11. HP: 134/139 MP: 10/10
   659 | D        | Gained mutation: Armour fits poorly on your strangely
                  | shaped body. [a shining eye]
   662 | D        | Gained mutation: You are vulnerable to cold. (rC-) [a
                  | shining eye]
   663 | D        | Killed a shining eye
   673 | D        | Found Zievet's Assorted Antiques.
   673 | D        | Found Symidaon's Antique Armour Emporium.
   673 | D        | Found Yroruj's Weapon Boutique.
   674 | D        | Found Diotey's Book Shoppe.
   688 | D        | Bought a large filigree amulet for 110 gold pieces
   724 | D        | Noticed a demonic crawler
   724 | D        | Noticed a demonic crawler
   724 | D        | Noticed a demonic crawler
   724 | D        | Noticed a demonic crawler
   942 | D        | Received a gift from Trog
   977 | D        | Found Vifauk's Armour Shoppe.
   977 | D        | Found Purchaenn's Book Shop.
   977 | D        | Found Vahi's Assorted Antiques.
   979 | D        | Found Ycleil's Assorted Antiques.
   979 | D        | Found Kaylen's Weapon Shop.
   979 | D        | Found Juemoloqe's Magic Scroll Shoppe.
   979 | D        | Found Ughekoa's Book Boutique.
   979 | D        | Found Quren's General Store.
   979 | D        | Found Plog's Jewellery Shop.
   979 | D        | Found Nec Veli's Weapon Shoppe.
   983 | D        | Found Itynufaut's Assorted Antiques.
   984 | D        | Found Quron Roy's Assorted Antiques.
   984 | D        | Found Jilud's Jewellery Boutique.
   985 | D        | Found Woedode's Antique Weapon Emporium.
  1031 | D        | Killed a demonic crawler
  1068 | D        | Killed a demonic crawler
  1069 | D        | Reached skill level 16 in Unarmed Combat
  1070 | D        | Killed a demonic crawler
  1178 | D        | Killed a demonic crawler
  1365 | D        | Bought a +6 ring of strength for 432 gold pieces
  1368 | D        | Bought the amulet "Leqotwol" {Acrobat Harm +Inv Regen+
                  | Str+3} for 653 gold pieces
  1427 | D        | Noticed a lindwurm
  1431 | D        | Killed a lindwurm
  1448 | D        | Reached ****** piety under Trog
  1448 | D        | Received a gift from Trog
  1468 | D        | Received a gift from Trog
  1475 | D        | Noticed a 12-headed hydra
  1477 | D        | HP: 7/216 [13-headed hydra (20)]
  1484 | D        | Mangled by a 13-headed hydra

Illustrated notes

Levels and vault maps discovered:
D:        dungeon_sprint_1 [red_sonja_temple_1, red_sonja_temple_small_1]

Skill      XL: |  1  2  3  4  5  6  7  8  9 10 11 |
---------------+----------------------------------+-----
Fighting       | 3 5 6 7 8 9 10 11 13 14 | 14.4
Dodging        | 3 5 6 7 8 9 10 11 13 14 | 14.3
Unarmed Combat | 4 6 7 8 9 10 12 13 15 16 | 16.8
Armour         | 5 8 |  8.0

Action                     |  1- 3 |  4- 6 |  7- 9 | 10-12 || total
---------------------------+-------+-------+-------+-------++-------
  Melee: Unarmed           |    21 |    17 |    39 |    74 ||   151
         Punch             |     1 |       |     2 |     5 ||     8
 Invoke: Berserk           |       |     1 |       |     4 ||     5
         Brothers in Arms  |       |       |     1 |     5 ||     6
  Evoke: Wand              |     1 |     3 |       |       ||     4
    Use: Potion            |       |       |     2 |     1 ||     3
         Scroll            |       |       |       |     2 ||     2
   Stab: Sleeping          |       |       |     1 |     1 ||     2
 Armour: Animal skin       |    11 |     6 |    33 |    85 ||   135
  Dodge: Dodged            |     6 |     7 |    18 |    52 ||    83

Table legend: (Time is in decaauts)
 A = Elapsed time spent in this place.
 B = Non-inter-level travel time spent in this place.
 C = Inter-level travel time spent in this place.
 D = Time resting spent in this place.
 E = Time spent auto-exploring this place.
 F = Levels seen in this place.
 G = Mean time per level.
                   A        B        C        D        E       F      G
               +--------+--------+--------+--------+--------+-----+--------+
         Total |   1468 |   1349 |    119 |    478 |    205 |   1 | 1468.0 |
       Dungeon |   1468 |   1349 |    119 |    478 |    205 |   1 | 1468.0 |
               +--------+--------+--------+--------+--------+-----+--------+

Top non-repeatable levels by time:
       D: 1468 daAuts
